 Dungeon Crawl Stone Soup version 0.27-a0-1232-gc6a4cbde82 (console) character file.

Game seed: 6354988676688975382

420 jejorda2 the Ducker (level 6, 0/49 HPs)
             Began as a Merfolk Berserker on June 8, 2021.
             Was a Believer of Trog.
             Slain by a killer bee (2 damage)
             ... on level 4 of the Dungeon.
             The game lasted 00:05:33 (3451 turns).

jejorda2 the Ducker (Merfolk Berserker)             Turns: 3451, Time: 00:05:34

Health: 0/49       AC:  6    Str: 19    XL:     6   Next: 94%
Magic:  6/6        EV: 13    Int:  6    God:    Trog [**....]
Gold:   188        SH:  0    Dex: 14    Spells: 5/5 levels left

rFire    . . .     SeeInvis .   a - +0 scimitar
rCold    . . .     Faith    .   (no shield)
rNeg     . . .     Spirit   .   p - +0 ring mail
rPois    .         Reflect  .   (no helmet)
rElec    .         Harm     .   h - +0 cloak
rCorr    .         Rampage  .   (no gloves)
Will     .....                  (no boots)
Stlth    +.........             (no amulet)
HPRegen  0.16/turn              (no ring)
MPRegen  0.10/turn              (no ring)

@: lethally poisoned (0 -> -3), on berserk cooldown, slowed, very slow
A: (nimble swimmer 2), mertail
a: Renounce Religion, Berserk, Trog's Hand


You were on level 4 of the Dungeon.
You worshipped Trog.
Trog was pleased with you.
You visited 1 branch of the dungeon, and saw 4 of its levels.

You collected 188 gold pieces.

Inventory:

Hand Weapons
 a - a +0 scimitar (weapon)
Missiles
 d - 33 poisoned darts (quivered)
 i - 6 curare-tipped darts
Armour
 h - a +0 cloak (worn)
 p - a +0 ring mail (worn)
Scrolls
 c - 2 scrolls of enchant weapon {unknown}
 e - 4 scrolls of identify {unknown}
 f - 4 scrolls of teleportation {unknown}
 l - 2 scrolls of summoning {unknown}
 m - 2 scrolls of magic mapping {unknown}
 o - a scroll of enchant armour {unknown}
 q - a scroll of amnesia {unknown}
Potions
 b - a potion of ambrosia {unknown}
 g - a potion of degeneration {unknown}
 j - 4 potions of curing {unknown}
 k - 2 potions of haste {unknown}
 n - a potion of heal wounds {unknown}
 r - a potion of might {unknown}
 s - 2 potions of lignification {unknown}


   Skills:
 + Level 4.5 Fighting
 * Level 5.5 Long Blades
 + Level 2.4 Armour
 * Level 5.8 Dodging


You had 5 spell levels left.
You didn't know any spells.
Your spell library was empty.

Dungeon Overview and Level Annotations

Branches:
Dungeon (4/15)
 Temple: D:4-7

Altars:
Nemelex Xobeh
Qazlal
Trog
Vehumet
Yredelemnul

Shops:
D:1 [?(*!


Innate Abilities, Weirdness & Mutations

((You are quick and stealthy near water. (Stealth+, EV+, Speed+++)))
Your lower body shifts to a powerful aquatic tail in water.


Message History

The killer bee stings you.
You slash the killer bee!
The killer bee is almost dead.
You feel the effects of Trog's Hand fading.
You feel sick. The killer bee closely misses you.
You slash the killer bee!
You kill the killer bee!
Trog accepts your kill.
You feel sick.
You barely miss the killer bee.
You feel sick. The killer bee misses you. The killer bee barely misses you.
You closely miss the killer bee.
You are no longer berserk.
You are exhausted.
You feel yourself slow down.
You feel sick. The killer bee barely misses you.
You riposte.
You miss the killer bee. You miss the killer bee.
You feel very sick. The killer bee stings you.
You are more poisoned.
The killer bee poisons you! The killer bee misses you.
You riposte.
You barely miss the killer bee. The killer bee misses you.
You closely miss the killer bee.
You feel very sick. The killer bee stings you.
The killer bee closely misses you. The killer bee stings you.
The killer bee closely misses you.
You miss the killer bee.
Your skin stops crawling.
You feel less strong-willed.
You feel very sick.
The killer bee barely misses you. x2; The killer bee stings you.
* * * LOW HITPOINT WARNING * * *
You closely miss the killer bee.
You feel sick. The killer bee stings you.
* * * LOW HITPOINT WARNING * * *
The killer bee closely misses you. x2
You closely miss the killer bee.
* * * LOW HITPOINT WARNING * * *
You feel sick. The killer bee stings you.
* * * LOW HITPOINT WARNING * * *
The killer bee stings you.
You die...

#....# #........(.# #....#
#..........# #....# #..........#
######.### #..........# .......#
############ ..###### # #####
...#...#.# #....
.....#<..##.############# #....
...#.####....yyy@.......#####....
...#.# .#.###########..........
...#.# .. #.......... ...#.#
#.......... .#.#.# #..........
.#.... #.#####.... .###.# #.#
##### .# .# #.# .# # #.#


You could see 3 killer bees.

Vanquished Creatures
  Sigmund (D:2)
  2 killer bees (D:4)
  An iguana (D:4)
  4 gnolls (D:2)
  4 adders
  An adder skeleton (D:4)
  4 dart slugs
  An orc (D:3)
  2 endoplasms (D:4)
  A giant cockroach (D:2)
  5 goblins
  5 hobgoblins
  11 jackals
  A kobold (D:3)
  5 quokkas
  6 ball pythons
  4 bats
  3 frilled lizards
  5 rats
66 creatures vanquished.

Notes
Turn   | Place    | Note
-------+----------+-------------------------------------------
     0 | D:1      | jejorda2 the Merfolk Berserker began the quest for the Orb.
     0 | D:1      | Reached XP level 1. HP: 18/18 MP: 1/1
   282 | D:1      | Found Ilallah's General Store.
   318 | D:1      | Found Moqoaj's Weapon Emporium.
   374 | D:1      | Reached XP level 2. HP: 24/24 MP: 2/2
   385 | D:1      | Found Tatz's Magic Scroll Shoppe.
   488 | D:1      | Found Voibawna's Distillery.
   861 | D:1      | Found Synogocwu's Armour Shoppe.
  1032 | D:2      | Reached XP level 3. HP: 29/29 MP: 3/3
  1128 | D:2      | Reached XP level 4. HP: 25/37 MP: 4/4
  1224 | D:2      | Found a faded altar of an unknown god.
  1604 | D:2      | Noticed Sigmund
  1613 | D:2      | Killed Sigmund
  1613 | D:2      | Reached ** piety under Trog
  1614 | D:2      | Reached skill level 5 in Dodging
  1614 | D:2      | Reached XP level 5. HP: 42/42 MP: 5/5
  1614 | D:2      | Reached XP level 6. HP: 48/48 MP: 6/6
  2023 | D:2      | Reached skill level 5 in Long Blades
  2925 | D:3      | Found a sparkling altar of Nemelex Xobeh.
  3106 | D:4      | Found a bloodstained altar of Trog.
  3324 | D:4      | Found a basalt altar of Yredelemnul.
  3328 | D:4      | Found a stormy altar of Qazlal.
  3332 | D:4      | Found a radiant altar of Vehumet.
  3451 | D:4      | HP: 2/49 [killer bee (3)]
  3451 | D:4      | Slain by a killer bee

Illustrated notes

Levels and vault maps discovered:
D:1:      dpeg_arrival_renting, layout_basic, serial_shops, shop, shop, shop,
          nicolae_shop_waterfront, nicolae_shop_stone
D:2:      layout_basic, ebering_ecumenical_altar_webs, uniq_sigmund
D:3:      layout_loops_cross, nicolae_overflow_crystal_walls
D:4:      layout_basic, lemuel_tele_altar, grunt_temple_overflow_diamond,
          uniq_duvessa

Skill      XL: |  1  2  3  4  5  6 |
---------------+-------------------+-----
Dodging        | 3 5 |  5.8
Long Blades    | 4 5 |  5.5
Fighting       | 4 |  4.5
Armour         | 2 |  2.4

Action                   |  1- 3 |  4- 6 || total
-------------------------+-------+-------++-------
Melee: Falchion          |    55 |    94 ||   149
       Scimitar          |       |    53 ||    53
Throw: Dart              |       |     4 ||     4
Invok: Berserk           |     1 |     2 ||     3
       Trog's Hand       |       |     1 ||     1
 Stab: Sleeping          |     1 |       ||     1
Armor: Animal skin       |    10 |    16 ||    26
       Ring mail         |       |    23 ||    23
Dodge: Dodged            |    44 |   112 ||   156
       Rpst.: Falchion   |    15 |    24 ||    39
       Scimitar          |       |    19 ||    19

Table legend: (Time is in decaauts)
 A = Elapsed time spent in this place.
 B = Non-inter-level travel time spent in this place.
 C = Inter-level travel time spent in this place.
 D = Time resting spent in this place.
 E = Time spent auto-exploring this place.
 F = Levels seen in this place.
 G = Mean time per level.
                   A        B        C        D        E       F      G
               +--------+--------+--------+--------+--------+-----+--------+
         Total |   3483 |   3367 |    116 |     92 |   2801 |   4 |  870.8 |
       Dungeon |   3483 |   3367 |    116 |     92 |   2801 |   4 |  870.8 |
               +--------+--------+--------+--------+--------+-----+--------+

Top non-repeatable levels by time:
     D:2: 1460 daAuts
     D:1: 980 daAuts
     D:3: 615 daAuts
     D:4: 427 daAuts
